Map: 2000 애트모스피어 - 래더

Players

Probe

  • Race: Protoss Protoss

Ryung - Winner!

  • Race: Terran Terran

Event: IEM Katowice 2022

VOD

Have the link to the VOD?

Description

Time

  • Played on: Feb. 23, 2022, 5:18 a.m.
  • Length: 10:10

All games in this series

Show
View Real Time Build Order
Export as new Build Order

Probe Protoss 

Build Orders: 1 Gate Expand, Blink Stalkers, Zealot Archon 

Get SALT Encoding   

  12  0:00  Probe  
  13  0:12  Probe  
  14  0:17  Pylon  
  14  0:24  Probe (Chrono Boost)  
  16  0:36  Probe (Chrono Boost)  
  16  0:38  Gateway  
  16  0:43  Probe (Chrono Boost)  
  16  0:45  Assimilator  
  17  0:51  Probe  
  18  1:03  Probe  
  19  1:15  Probe  
  20  1:25  Cybernetics Core  
  20  1:33  Nexus  
  20  1:35  Probe  
  21  1:40  Pylon  
  22  1:47  Probe  
  22  1:51  Assimilator  
  22  1:58  Adept (Chrono Boost)  
  22  1:59  Probe  
  23  2:02  Warp Gate  
  25  2:11  Probe  
  26  2:23  Probe  
  26  2:26  Twilight Council  
  27  2:34  Stalker  
  27  2:36  Probe (Chrono Boost)  
  30  2:45  Probe (Chrono Boost)  
  30  2:48  Probe (Chrono Boost)  
  32  2:53  Gateway  
  32  2:56  Probe (Chrono Boost)  
  32  2:57  Probe (Chrono Boost)  
  32  2:58  Blink (Chrono Boost)  
  34  3:01  Probe (Chrono Boost)  
  34  3:03  Probe  
  36  3:12  Probe  
  37  3:15  Probe  
  38  3:22  Robotics Facility  
  38  3:24  Probe  
  39  3:28  Probe  
  39  3:30  Pylon  
  40  3:34  Shield Battery  
  40  3:36  Probe  
  40  3:40  Pylon, Probe  
  42  3:48  Probe  
  43  3:50  Stalker  
  43  3:51  Stalker  
  43  3:52  Probe  
  43  3:54  Assimilator  
  48  4:00  Probe  
  49  4:04  Probe  
  50  4:10  Observer  
  50  4:12  Pylon, Probe  
  50  4:14  Stalker x2  
  50  4:16  Probe  
  57  4:27  Probe  
  57  4:28  Nexus  
  57  4:29  Probe  
  59  4:32  Observer (Chrono Boost)  
  59  4:37  Forge  
  60  4:39  Sentry  
  60  4:43  Pylon  
  60  4:45  Observer (Chrono Boost)  
  62  4:49  Probe  
  64  4:53  Probe  
  63  5:02  Probe  
  63  5:05  Probe  
  62  5:11  Observer  
  62  5:14  Probe  
  64  5:17  Probe  
  64  5:19  Protoss Ground Armor Level 1 (Chrono Boost)  
  63  5:26  Probe  
  64  5:29  Probe  
  64  5:31  Charge (Chrono Boost)  
  64  5:35  Gateway  
  65  5:37  Gateway  
  65  5:38  Gateway, Probe  
  65  5:41  Probe  
  65  5:42  Probe  
  68  5:50  Probe  
  68  5:51  Gateway x2  
  68  5:55  Probe x2  
  71  6:03  Templar Archives  
  71  6:04  Probe  
  72  6:06  Gateway, Zealot  
  72  6:07  Probe  
  72  6:11  Probe, Shield Battery  
  76  6:16  Probe  
  76  6:18  Zealot  
  79  6:20  Probe  
  79  6:25  Probe  
  81  6:28  Probe  
  81  6:30  Zealot  
  81  6:31  Zealot x2  
  88  6:33  Pylon  
  88  6:35  Pylon x2  
  88  6:42  Zealot x2  
  88  6:44  Pylon  
  88  6:46  Pylon x2  
  92  6:52  High Templar x2  
  96  6:57  Archon, Zealot  
  96  6:58  Zealot x2  
  102  7:05  Zealot  
  102  7:06  Zealot x2  
  102  7:07  Gateway  
  108  7:08  Gateway  
  107  7:18  Protoss Ground Armor Level 2 (Chrono Boost)  
  107  7:19  Stalker x3  
  113  7:23  Pylon  
  113  7:25  Pylon, Zealot x2  
  117  7:37  Zealot x3  
  123  7:45  Pylon  
  123  7:46  Pylon  
  123  7:47  Pylon, Zealot x4  
  131  7:53  Zealot  
  133  7:58  Zealot  
  133  7:59  Zealot  
  133  8:01  Probe  
  138  8:09  Zealot  
  138  8:10  Zealot x5  
  138  8:12  Probe x2  
  150  8:14  Psionic Storm  
  142  8:20  Shield Battery  
  142  8:23  Zealot  
  142  8:24  Zealot x2  
  142  8:26  Probe  
  141  8:29  Probe  
  141  8:33  Zealot x4  
  126  8:44  Zealot x3  
  126  8:45  Cybernetics Core  
  126  8:47  High Templar x2  
  126  8:52  Archon  
  126  8:55  Zealot x4  
  112  9:04  Probe  
  112  9:07  Zealot x3  
  105  9:15  Nexus  
  99  9:17  High Templar x2  
  99  9:19  Assimilator  
  99  9:21  Zealot x2  
  107  9:29  Zealot x3  
  113  9:33  Zealot x2  
  92  9:45  Zealot  
  90  9:47  Zealot  
  90  9:50  Zealot x4  
  99  9:53  Observer (Chrono Boost)  
  99  9:57  Archon  
  99  9:59  Zealot x2  
Show
View Real Time Build Order
Export as new Build Order

Ryung Terran - Winner!

Build Orders: Reaper Expand 

Get SALT Encoding   

  12  0:00  SCV  
  13  0:12  SCV  
  14  0:16  Supply Depot  
  14  0:24  SCV  
  15  0:38  SCV  
  15  0:39  Barracks  
  15  0:42  Refinery  
  16  0:50  SCV  
  17  1:02  SCV  
  18  1:14  SCV  
  19  1:26  Reaper  
  19  1:27  Orbital Command  
  20  1:42  Command Center  
  20  1:52  SCV  
  21  1:57  Supply Depot  
  21  1:58  Marine  
  22  2:05  SCV  
  23  2:09  Factory  
  23  2:19  SCV, Bunker  
  23  2:22  Barracks Reactor  
  24  2:28  Refinery  
  24  2:31  SCV  
  25  2:43  SCV  
  26  2:54  Orbital Command  
  26  2:55  SCV  
  26  2:56  Starport  
  27  2:59  Marine x2  
  27  3:02  Widow Mine  
  31  3:07  SCV  
  32  3:16  Marine  
  32  3:17  Marine  
  34  3:20  SCV  
  34  3:21  SCV  
  34  3:23  Widow Mine  
  34  3:24  Supply Depot  
  38  3:32  Medivac  
  38  3:33  SCV x2  
  42  3:34  Marine  
  42  3:36  Marine  
  44  3:45  SCV x2  
  44  3:46  Widow Mine  
  48  3:52  Supply Depot  
  48  3:55  Marine x2  
  50  3:57  SCV x2  
  51  4:03  Starport Tech Lab  
  51  4:09  SCV x2, Factory Tech Lab, Refinery  
  53  4:11  Barracks  
  53  4:19  Supply Depot  
  53  4:21  SCV  
  53  4:22  SCV  
  55  4:25  Marine x2  
  55  4:27  Supply Depot  
  55  4:28  Siege Tank  
  60  4:33  SCV  
  60  4:34  SCV  
  62  4:39  Engineering Bay  
  62  4:40  Raven  
  62  4:41  Supply Depot  
  62  4:45  SCV, Marine  
  66  4:46  SCV  
  67  4:57  SCV  
  67  4:58  SCV  
  69  5:01  Marine, Siege Tank  
  69  5:02  Marine  
  74  5:09  SCV  
  74  5:10  SCV, Barracks  
  72  5:21  SCV, Marine x2  
  72  5:22  SCV  
  72  5:23  Terran Infantry Weapons Level 1  
  72  5:25  Supply Depot x2  
  74  5:30  Starport Reactor  
  74  5:32  Stimpack  
  74  5:36  Refinery, Marine  
  74  5:39  Marine x2  
  74  5:41  SCV x2  
  79  5:45  Factory Reactor  
  79  5:50  Supply Depot  
  79  5:51  Command Center  
  79  6:03  Combat Shield  
  79  6:04  Barracks, Marine  
  79  6:05  Marine, Marauder x2  
  79  6:07  Barracks, Medivac  
  79  6:08  Medivac  
  89  6:22  Marine x2  
  90  6:26  Marauder x2  
  90  6:28  Widow Mine x2  
  96  6:36  Supply Depot  
  96  6:37  Supply Depot  
  96  6:39  Medivac  
  98  6:40  Marine x2, Medivac  
  98  6:46  Missile Turret  
  102  6:47  Marauder  
  102  6:48  Marauder  
  102  6:49  Widow Mine  
  102  6:50  Widow Mine  
  110  6:54  Barracks Reactor, Barracks Tech Lab  
  109  7:04  Marine x2, Orbital Command  
  109  7:05  SCV x2  
  113  7:12  Marine, Marauder x2  
  118  7:17  Widow Mine x2, Terran Infantry Armor Level 1  
  118  7:21  Marine  
  123  7:26  Medivac  
  125  7:30  Supply Depot  
  125  7:31  Supply Depot, Medivac  
  125  7:35  Marine x3, Marauder x2  
  134  7:39  Orbital Command  
  134  7:40  Widow Mine  
  134  7:41  Widow Mine  
  138  7:45  SCV x2  
  138  7:51  Marine  
  140  7:52  Marauder  
  140  7:56  Marauder  
  140  7:57  Supply Depot  
  145  8:05  Marauder  
  147  8:09  Marine x2  
  147  8:12  Widow Mine x2, Medivac  
  151  8:13  Marauder  
  151  8:19  SCV x2  
  155  8:21  Marine  
  155  8:22  Marauder  
  155  8:23  Ghost Academy  
  155  8:24  SCV, Concussive Shells  
  153  8:27  Armory  
  153  8:30  Marine  
  153  8:31  SCV x2, Marine  
  153  8:33  Widow Mine  
  155  8:37  SCV  
  155  8:41  Marauder  
  151  8:42  Marauder  
  151  8:43  SCV x2  
  153  8:49  SCV  
  153  8:53  Widow Mine  
  153  8:55  Widow Mine  
  141  9:08  Marine x2, Marauder  
  141  9:09  Marauder x2, Marine x2  
  136  9:10  Medivac  
  136  9:13  SCV x3  
  136  9:14  Widow Mine  
  136  9:16  Widow Mine  
  136  9:26  Marine x3  
  136  9:27  Marine  
  138  9:31  Ghost  
  138  9:33  SCV x3  
  138  9:35  Refinery x2, Marine x2  
  140  9:45  SCV x2  
  141  9:48  Marine x2  
  141  9:49  Marine  
  141  9:50  Marine  

Tags
 
Add a new tag
Caveats
  • Supply blocks, unpowered buildings, or Contaminate may cause inaccurate times.
  • Supply counts are checked every 10 seconds.